 Dungeon Crawl Stone Soup version 0.22.1-1-ga44c0e5 (webtiles) character file.

1360 CrazyArbalest the Quickloader (level 8, 0/61 HPs)
             Began as a Barachi Hunter on Sept 23, 2018.
             Was a Believer of Okawaru.
             Slain by a killer bee (8 damage)
             ... on level 6 of the Dungeon.
             The game lasted 00:27:13 (4893 turns).

CrazyArbalest the Quickloader (Barachi Hunter)      Turns: 4893, Time: 00:27:13

Health: 0/61       AC:  7    Str: 13    XL:     8   Next: 64%
Magic:  5/8        EV: 18    Int: 13    God:    Okawaru [**....]
Gold:   428        SH:  3    Dex: 19    Spells: 7/7 levels left

rFire    . . .     SeeInvis .   b - +1 hand crossbow
rCold    . . .     Gourm    .   (no shield)
rNeg     . . .     Faith    .   t - +0 ring mail
rPois    .         Spirit   .   (no helmet)
rElec    .         Reflect  +   (no cloak)
rCorr    .         Harm     .   (no gloves)
MR       .....                  w - +0 pair of boots
Stlth    +++.......             i - +3 amulet of reflection
HPRegen  0.20/turn              (no ring)
MPRegen  0.11/turn              (no ring)

@: agile, lethally poisoned (0 -> -7), slow
A: +LOS, swims, slowness 1, strong legs 1
a: Hop, Heroism, Renounce Religion


You were on level 6 of the Dungeon.
You worshipped Okawaru.
Okawaru was pleased with you.
You were not hungry.

You visited 1 branch of the dungeon, and saw 7 of its levels.

You collected 428 gold pieces.

Inventory:

Hand Weapons
 a - the +9 whip of Dust {antimagic, Int+4 SInv}
   (You found it on level 4 of the Dungeon)

   It reduces the magical energy of the wielder, and disrupts the spells and
   magical abilities of those hit.
   Natural abilities and divine invocations are not affected.
   It affects your intelligence (+4).
   It lets you see invisible.
 b - a +1 hand crossbow (weapon)
 k - a +0 short sword
 m - a +1 mace of protection
 y - a +2 mace of protection
Missiles
 d - 39 bolts (quivered)
Armour
 c - a +0 leather armour
 t - a +0 ring mail (worn)
 w - a +0 pair of boots (worn)
Jewellery
 i - a +3 amulet of reflection (around neck)
 F - an uncursed ring of poison resistance {unknown}
Wands
 G - a wand of random effects (32)
Scrolls
 e - 3 scrolls of teleportation {unknown}
 g - a scroll of fog {unknown}
 h - 7 scrolls of identify {unknown}
 l - 3 scrolls of blinking {unknown}
 n - 2 scrolls of amnesia {unknown}
 q - 2 scrolls of enchant weapon {unknown}
 r - 2 scrolls of immolation {unknown}
 s - 2 scrolls of remove curse {unknown}
 u - a scroll of magic mapping {unknown}
 z - a scroll of brand weapon {unknown}
 A - a scroll of acquirement {unknown}
 B - a scroll of enchant armour {unknown}
Potions
 j - a potion of degeneration
 p - a potion of brilliance {unknown}
 v - a potion of curing {unknown}
 x - a potion of flight {unknown}
 C - a potion of invisibility {unknown}
 D - a potion of haste {unknown}
Comestibles
 f - 11 rations
 E - a chunk of flesh


   Skills:
 + Level 4.5 Fighting
 + Level 5.0 Maces & Flails
 * Level 8.0 Crossbows
 + Level 3.9 Armour
 + Level 3.6 Dodging
 + Level 2.0 Stealth


You had 7 spell levels left.
You didn't know any spells.
Your spell library was empty.

Dungeon Overview and Level Annotations

Branches:
Dungeon (7/15)             Temple (0/1) D:6

Altars:
Okawaru
Qazlal
Uskayaw
Wu Jian
The Shining One

Shops:
D:5 (


Innate Abilities, Weirdness & Mutations

Shadows flee at your approach. (+LOS)
You can swim through water.
You cover ground slowly.
You can hop short distances.


Message History

The killer bee misses you.
You feel sick. The killer bee stings you.
* * * LOW HITPOINT WARNING * * *
The killer bee barely misses you. The killer bee misses you.
The killer bee stings you.
* * * LOW HITPOINT WARNING * * *
There is a stone staircase leading up, spattered with blood here.
* * * LOW HITPOINT WARNING * * *
You feel sick.
The killer bee stings you but does no damage. x2
Items here: ))))) [[
Okay, then.
Unknown command.
Unknown command.
Unknown command.
It was a potion of agility.
You feel agile all of a sudden.
* * * LOW HITPOINT WARNING * * *
You feel sick. The killer bee barely misses you. The killer bee stings you!
You die...

##......# ########.# ###
#.......# #........##### #
##.......# #............### ##
##........# #..............#
.####.........# #...............
#..##.....[...# ##..............
##............##
##..............
##............###y....>.........
#...<........#@yy........(.....
##.............###..............
#.............####..............
#...............................
##............#.#...............
##................#..........##
##..........#.#..####......##
##.......#.....## ###..#.##
##....######### ####..#


You could see 3 killer bees.

Vanquished Creatures
  An orc warrior (D:6)
  A sky beast (D:5)
  A centaur (D:6)
  2 ogres (D:4)
  A big kobold (D:6)
  2 bullfrogs (D:6)
  A scorpion (D:7)
  A howler monkey (D:5)
  A bullfrog zombie (D:7)
  2 hounds
  A bullfrog skeleton (D:5)
  6 orc wizards
  Jessica (D:3)
  An iguana (D:4)
  5 worker ants
  8 adders
  A howler monkey skeleton (D:4)
  A shadow imp (D:6)
  4 worms
  A dart slug (D:3)
  8 leopard geckos
  11 orcs
  7 bats
  4 giant cockroaches
  9 goblins
  3 hobgoblins
  3 jackals (D:5)
  2 ball pythons
  3 frilled lizards
  A jackal skeleton (D:4)
  5 kobolds
  A leopard gecko zombie (D:5)
  14 rats
113 creatures vanquished.

Notes
Turn   | Place    | Note
-------+----------+-------------------------------------------
     0 | D:1      | CrazyArbalest the Barachi Hunter began the quest for the
                  | Orb.
     0 | D:1      | Reached XP level 1. HP: 17/17 MP: 1/1
    97 | D:1      | Reached XP level 2. HP: 7/23 MP: 2/2
   392 | D:1      | Found an iron altar of Okawaru.
   426 | D:1      | Became a worshipper of Warmaster Okawaru
   736 | D:1      | Reached skill level 1 in Stealth
   861 | D:1      | Reached XP level 3. HP: 28/28 MP: 3/3
   964 | D:2      | Found a glowing golden altar of the Shining One.
  1234 | D:2      | Reached XP level 4. HP: 34/34 MP: 4/4
  1271 | D:2      | Reached skill level 5 in Crossbows
  1282 | D:2      | Reached skill level 1 in Maces & Flails
  1478 | D:3      | Noticed Jessica
  1480 | D:3      | Killed Jessica
  1480 | D:3      | Reached skill level 1 in Armour
  1596 | D:3      | Found a stormy altar of Qazlal.
  1664 | D:3      | Reached XP level 5. HP: 26/40 MP: 5/5
  2042 | D:3      | Found a hide-covered altar of Uskayaw.
  2330 | D:4      | Noticed an ogre
  2419 | D:4      | Reached * piety under Okawaru
  2564 | D:4      | Reached XP level 6. HP: 39/47 MP: 6/6
  2637 | D:4      | Reached skill level 6 in Crossbows
  2923 | D:4      | Reached XP level 7. HP: 52/52 MP: 7/7
  2983 | D:4      | Got a transparent whip
  2985 | D:4      | Identified the +9 whip of Dust {antimagic, Int+4 SInv} (You
                  | found it on level 4 of the Dungeon)
  3375 | D:5      | Entered Level 5 of the Dungeon
  3399 | D:5      | Found Viohait's Weapon Boutique.
  3488 | D:5      | Found an ornate altar of the Wu Jian Council.
  3593 | D:5      | Reached ** piety under Okawaru
  3618 | D:5      | Reached skill level 7 in Crossbows
  4317 | D:6      | Reached XP level 8. HP: 33/60 MP: 3/8
  4353 | D:6      | Found a staircase to the Ecumenical Temple.
  4752 | D:5      | Noticed a rust devil
  4752 | D:5      | Noticed a rust devil
  4753 | D:5      | Found the cursed +13 scythe of Curses {drain, *Curse}
  4868 | D:7      | Reached skill level 5 in Maces & Flails
  4868 | D:7      | Reached skill level 8 in Crossbows
  4893 | D:6      | Slain by a killer bee

Skill      XL: |  1  2  3  4  5  6  7  8 |
---------------+-------------------------+-----
Stealth        | 1 2 |  2.0
Crossbows      | 5 6 7 8 |  8.0
Maces & Flails | 1 2 4 5 |  5.0
Armour         | 1 2 3 |  3.9
Fighting       | 3 4 |  4.5
Dodging        | 3 |  3.6

Action                   |  1- 3 |  4- 6 |  7- 9 || total
-------------------------+-------+-------+-------++-------
Melee: Short sword       |    12 |       |       ||    12
       Mace              |    60 |    72 |       ||   132
       Whip              |       |       |   104 ||   104
 Fire: Hand crossbow     |    17 |    58 |    53 ||   128
 Abil: Hop               |       |     1 |       ||     1
  Use: Potion            |       |     2 |     1 ||     3
 Stab: Sleeping          |     1 |     1 |     1 ||     3
  Eat: Chunk             |     2 |     6 |     7 ||    15
Armor: Leather armour    |    22 |    15 |       ||    37
       Ring mail         |       |    13 |    31 ||    44
Dodge: Dodged            |    58 |    57 |    76 ||   191
Block: Other             |    12 |    17 |    20 ||    49
       Reflection        |       |       |     1 ||     1
